 Dungeon Crawl Stone Soup version 0.29-a0-322-g68df515428 (console) character file.

Game seed: 8433768920059426003

221 Ignak the Magician (level 5, -6/38 HPs)
             Began as a Gnoll Hedge Wizard on Apr 7, 2022.
             Mangled by Crazy Yiuf
             ... wielding a +4 quarterstaff of chaos
              (7 damage)
             ... while petrified by Crazy Yiuf
             ... on level 2 of the Dungeon.
             The game lasted 00:09:42 (3004 turns).

Ignak the Magician (Gnoll Hedge Wizard)             Turns: 3004, Time: 00:09:43

Health: -6/38      AC:  2    Str:  7 (10) XL:     5   Next: 98%
Magic:  5/14       EV:  2    Int: 15      God:
Gold:   1          SH:  0    Dex: 10 (11) Spells: 9/18 levels left

rFire   . . .      SeeInvis .   n - +1 short sword (venom)
rCold   . . .      Faith    .   (no shield)
rNeg    + + +      Spirit   .   b - +0 robe
rPois   ∞          Reflect  .   c - +0 hat
rElec   .          Harm     .   (no cloak)
rCorr   +          Rampage  .   (no gloves)
Will    .....                   (no boots)
Stlth   ++........              (no amulet)
HPRegen 0.12/turn               e - ring of resist corrosion
MPRegen 0.14/turn               (no ring)

@: mighty, lethally poisoned (-6 -> -6), petrified, very slightly contaminated
A: fangs 1, strong nose, distributed training
a: no special abilities


You were on level 2 of the Dungeon.
You visited 1 branch of the dungeon, and saw 2 of its levels.

You collected 76 gold pieces.
You spent 75 gold pieces at shops.

Inventory:

Hand Weapons
 n - a +1 short sword of venom (weapon)
Missiles
 m - 5 poisoned darts (quivered)
Armour
 b - a +0 robe (worn)
 c - a +0 hat (worn)
Jewellery
 e - a ring of resist corrosion (left hand)
 f - a ring of fire
Scrolls
 a - a scroll of amnesia
 h - 2 scrolls of blinking
 j - 5 scrolls of identify
 k - a scroll of holy word
Potions
 d - 2 potions of magic
 g - 2 potions of berserk rage


   Skills:
 + Level 1.7 Fighting
 + Level 1.7 Short Blades
 + Level 1.7 Long Blades
 + Level 1.7 Axes
 + Level 1.7 Maces & Flails
 + Level 1.7 Polearms
 + Level 1.7 Staves
 + Level 1.7 Slings
 + Level 1.7 Bows
 + Level 1.7 Crossbows
 + Level 1.7 Throwing
 + Level 1.7 Armour
 + Level 4.9 Dodging
 + Level 4.5 Stealth
 + Level 1.7 Shields
 + Level 1.7 Unarmed Combat
 + Level 7.3 Spellcasting
 + Level 2.5 Conjurations
 + Level 1.3 Hexes
 + Level 2.5 Summonings
 + Level 1.3 Necromancy
 + Level 2.5 Translocations
 + Level 1.3 Transmutations
 + Level 1.3 Fire Magic
 + Level 1.3 Ice Magic
 + Level 1.3 Air Magic
 + Level 1.3 Earth Magic
 + Level 1.3 Poison Magic
 + Level 1.9 Invocations
 + Level 1.7 Evocations


You had 9 spell levels left.
You knew the following spells:

 Your Spells              Type           Power      Damage    Failure   Level
a - Magic Dart            Conj           52%        1d5       4%          1
b - Blink                 Tloc           26%        N/A       7%          2
c - Slow                  Hex            36%        N/A       8%          1
d - Mephitic Cloud        Conj/Pois/Air  10%        N/A       19%         3
e - Call Imp              Summ           13%        N/A       7%          2

Your spell library contained the following spells:

 Spells                   Type           Power      Damage    Failure   Level
 Conjure Flame            Conj/Fire      11%        6-21      17%         3


Dungeon Overview and Level Annotations

Branches:
Dungeon (2/15)

Altars:

Shops:
D:1 *

Annotations:
D:2 Crazy Yiuf


Innate Abilities, Weirdness & Mutations

You have very sharp teeth.
Your uncanny sense of smell can sniff out nearby items.
Your experience applies equally to all skills.


Message History

You aren't carrying any items that you can evoke.
Casting: Mephitic Cloud (quite dangerous; 19% risk of failure)
Confirm with . or Enter, or press ? or * to list all spells.
Okay, then.
Casting: Mephitic Cloud (quite dangerous; 19% risk of failure)
Confirm with . or Enter, or press ? or * to list all spells.
Okay, then.
Casting: Mephitic Cloud (quite dangerous; 19% risk of failure)
Confirm with . or Enter, or press ? or * to list all spells.
The spell is quite dangerous to miscast (19% risk of failure)!
Continue anyway?
Okay, then.
Casting: Mephitic Cloud (quite dangerous; 19% risk of failure)
Confirm with . or Enter, or press ? or * to list all spells.
A beastly little devil appears in a puff of flame.
You feel stable enough to blink again.
Crazy Yiuf says, "Goober!
Citrus mobile water."
Crazy Yiuf hits you with a +4 quarterstaff of chaos!
You feel very mighty all of a sudden.
Crazy Yiuf hits you with a +4 quarterstaff of chaos!
* * * LOW HITPOINT WARNING * * *
Crazy Yiuf burns you.
* * * LOW HITPOINT WARNING * * *
Your limbs are stiffening.
Casting: Call Imp (safe; 7% risk of failure)
Confirm with . or Enter, or press ? or * to list all spells.
The spell is quite dangerous to miscast (19% risk of failure)!
Continue anyway?
Aiming: Mephitic Cloud (quite dangerous; 19% risk of failure)
Press: ? - help, Shift-Dir - straight line, f/p - Crazy Yiuf
Aim: Crazy Yiuf, wielding a +4 quarterstaff of chaos and wearing a +0 cloak (ally target, chance to affect: 86%) That beam is likely to hit you.
Continue anyway?
You miscast Mephitic Cloud.
You feel incredibly sick.
You are poisoned.
* * * LOW HITPOINT WARNING * * *
You feel sick.
Crazy Yiuf hits you with a +4 quarterstaff of chaos!
* * * LOW HITPOINT WARNING * * *
Your crimson imp hits Crazy Yiuf.
You have turned to stone.
Crazy Yiuf cries, "Rifle!
Liver horse pizzabubble."
Crazy Yiuf hits you with a +4 quarterstaff of chaos!
You die...

#... #.# #########.
#.# #......... #.#
#.####†##. #.# #.#
#.##. #.# ##♣♣♣♣♣
#.# #.##.
#.###.P.♣.♣♣♣#####
#.# #.##.
#........♣..♣#...#
#.# ##.###
#.....P.♣♣♣♣.'.g@#
#####.###.#.##
#.#.#..♣♣ ♣♣#.5)#
#........###.#
#.####♣♣ #####
#####.###.#.## ..#
#.# ##.## ### #.#
### ### ####### ###
#.# ###.###.(...#
#.# #.#
##...........# #.#
#.########
#....###.....####.##
#.........


You could see Crazy Yiuf (ally target) and a friendly crimson imp (summoned).

Vanquished Creatures
  Natasha (thrice) (D:2)
  4 adders (D:2)
  A dart slug (D:1)
  3 ball pythons (D:1)
  4 bats
  4 endoplasms
  2 giant cockroaches
  5 goblins
  2 hobgoblins
  5 kobolds
  A quokka (D:2)
  A frilled lizard (D:1)
  8 rats
43 creatures vanquished.

Vanquished Creatures (collateral kills)
  A necrophage (D:2)
  2 bats (D:2)
  2 endoplasms (D:2)
  A hobgoblin (D:2)
  A frilled lizard (D:2)
  A rat (D:2)
8 creatures vanquished.

Vanquished Creatures (others)
  2 plants (D:2)
2 creatures vanquished.

Grand Total: 53 creatures vanquished

Notes
Turn   | Place    | Note
-------+----------+-------------------------------------------
     0 | D:1      | Ignak the Gnoll Hedge Wizard began the quest for the Orb.
     0 | D:1      | Reached XP level 1. HP: 13/13 MP: 8/8
   157 | D:1      | Reached XP level 2. HP: 19/19 MP: 10/10
   522 | D:1      | Learned a level 2 spell: Blink
   525 | D:1      | Learned a level 2 spell: Call Imp
  1007 | D:1      | Reached XP level 3. HP: 25/25 MP: 5/11
  1106 | D:1      | Found Anamot's General Store.
  1197 | D:1      | Learned a level 3 spell: Mephitic Cloud
  1231 | D:1      | Learned a level 1 spell: Slow
  1327 | D:1      | Found a faded altar of an unknown god.
  1529 | D:2      | Reached skill level 1 in Invocations
  1727 | D:2      | Reached skill level 1 in Fighting
  1727 | D:2      | Reached skill level 1 in Short Blades
  1727 | D:2      | Reached skill level 1 in Long Blades
  1727 | D:2      | Reached skill level 1 in Axes
  1727 | D:2      | Reached skill level 1 in Maces & Flails
  1727 | D:2      | Reached skill level 1 in Polearms
  1727 | D:2      | Reached skill level 1 in Staves
  1727 | D:2      | Reached skill level 1 in Slings
  1727 | D:2      | Reached skill level 1 in Bows
  1727 | D:2      | Reached skill level 1 in Crossbows
  1727 | D:2      | Reached skill level 1 in Throwing
  1727 | D:2      | Reached skill level 1 in Armour
  1727 | D:2      | Reached skill level 1 in Shields
  1727 | D:2      | Reached skill level 1 in Unarmed Combat
  1727 | D:2      | Reached skill level 1 in Evocations
  1727 | D:2      | Reached XP level 4. HP: 24/32 MP: 13/13
  1924 | D:2      | Noticed a necrophage
  1937 | D:2      | Killed a necrophage
  1938 | D:2      | Reached skill level 1 in Hexes
  1938 | D:2      | Reached skill level 1 in Necromancy
  1938 | D:2      | Reached skill level 1 in Transmutations
  1938 | D:2      | Reached skill level 1 in Fire Magic
  1938 | D:2      | Reached skill level 1 in Ice Magic
  1938 | D:2      | Reached skill level 1 in Air Magic
  1938 | D:2      | Reached skill level 1 in Earth Magic
  1938 | D:2      | Reached skill level 1 in Poison Magic
  1938 | D:2      | Reached XP level 5. HP: 18/37 MP: 10/14
  2138 | D:2      | Noticed Natasha
  2150 | D:2      | Killed Natasha
  2388 | D:2      | Noticed Natasha
  2397 | D:2      | Killed Natasha
  2627 | D:1      | Bought a scroll of blinking for 75 gold pieces
  2645 | D:2      | Noticed Natasha
  2709 | D:2      | Killed Natasha
  2994 | D:2      | Found a runed translucent door.
  2995 | D:2      | Noticed Crazy Yiuf
  3003 | D:2      | HP: 1/38 [Crazy Yiuf/+4 quarterstaff of chaos (4)]
  3004 | D:2      | Mangled by Crazy Yiuf

Illustrated notes

Levels and vault maps discovered:
D:1:      doesnt_arrival_eight_statues, layout_loops_corners,
          shapermc_ecumenical_altar_mp_vishouse, serial_shops, shop_fountains
D:2:      layout_loops_ring, guppyfry_early_lair_pool, uniq_crazy_yiuf_cottage,
          uniq_natasha

Skill      XL: |  1  2  3  4 |
---------------+-------------+-----
Conjurations   | 2 |  2.5
Summonings     | 2 |  2.5
Translocations | 2 |  2.5
Invocations    | 1 |  1.9
Fighting       | 1 |  1.7
Short Blades   | 1 |  1.7
Long Blades    | 1 |  1.7
Axes           | 1 |  1.7
Maces & Flails | 1 |  1.7
Polearms       | 1 |  1.7
Staves         | 1 |  1.7
Slings         | 1 |  1.7
Bows           | 1 |  1.7
Crossbows      | 1 |  1.7
Throwing       | 1 |  1.7
Armour         | 1 |  1.7
Shields        | 1 |  1.7
Unarmed Combat | 1 |  1.7
Evocations     | 1 |  1.7
Hexes          | 1 |  1.3
Necromancy     | 1 |  1.3
Transmutations | 1 |  1.3
Fire Magic     | 1 |  1.3
Ice Magic      | 1 |  1.3
Air Magic      | 1 |  1.3
Earth Magic    | 1 |  1.3
Poison Magic   | 1 |  1.3
Dodging        | |  4.9
Stealth        | |  4.5
Spellcasting   | |  7.3

Action                   |  1- 3 |  4- 6 || total
-------------------------+-------+-------++-------
Melee: Dagger            |    15 |       ||    15
       Bite              |     5 |     2 ||     7
       Short sword       |    20 |    52 ||    72
       Punch             |       |     2 ||     2
Throw: Javelin           |     5 |       ||     5
 Cast: Magic Dart        |    40 |     3 ||    43
       Call Imp          |     3 |     8 ||    11
       Blink             |     1 |     3 ||     4
       Mephitic Cloud    |     1 |     1 ||     2
  Use: Scroll            |       |     4 ||     4
       Potion            |       |     5 ||     5
 Stab: Sleeping          |     4 |     5 ||     9
       Confused          |       |     1 ||     1
Armor: Robe              |    10 |    16 ||    26
Dodge: Dodged            |    40 |    39 ||    79

Table legend: (Time is in decaauts)
 A = Elapsed time spent in this place.
 B = Non-inter-level travel time spent in this place.
 C = Inter-level travel time spent in this place.
 D = Time resting spent in this place.
 E = Time spent auto-exploring this place.
 F = Levels seen in this place.
 G = Mean time per level.
                   A        B        C        D        E       F      G
               +--------+--------+--------+--------+--------+-----+--------+
         Total |   3008 |   2968 |     40 |    925 |   1381 |   2 | 1504.0 |
       Dungeon |   3008 |   2968 |     40 |    925 |   1381 |   2 | 1504.0 |
               +--------+--------+--------+--------+--------+-----+--------+

Top non-repeatable levels by time:
     D:1: 1526 daAuts
     D:2: 1482 daAuts
